 Dungeon Crawl Stone Soup version 0.23.2 (webtiles) character file.

Game seed: 4819330699949888878

13776 night the Destroyer (level 12, -2/68 HPs)
             Began as a Gargoyle Air Elementalist on Apr 9, 2019.
             Was a Believer of Vehumet.
             Slain by a snapping turtle (16 damage)
             ... on level 2 of the Lair of Beasts.
             The game lasted 00:57:22 (16921 turns).

night the Destroyer (Gargoyle Air Elementalist)    Turns: 16921, Time: 00:57:23

Health: -2/68      AC: 18    Str: 12    XL:     12   Next: 9%
Magic:  17/32      EV: 13    Int: 24    God:    Vehumet [**....]
Gold:   407        SH:  0    Dex: 10    Spells: 4/26 levels left

rFire    . . .     SeeInvis .   s - +3 flail (crush)
rCold    + . .     Gourm    .   (no shield)
rNeg     + . .     Faith    .   C - +1 robe {rC+}
rPois    ∞         Spirit   .   M - +0 hat {Int+3}
rElec    +         Reflect  .   B - +1 cloak
rCorr    .         Harm     .   A - +2 pair of gloves
MR       .....                  t - +1 pair of boots
Stlth    ++........             (no amulet)
HPRegen  0.21/turn              L - ring of magical power
MPRegen  0.23/turn              u - ring of wizardry

@: no status effects
A: negative energy resistance 1, electricity resistance, unbreathing,
petrification resistance, rot immunity, AC +8
a: Renounce Religion


You were on level 2 of the Lair of Beasts.
You worshipped Vehumet.
Vehumet was pleased with you.
You were not hungry.

You visited 3 branches of the dungeon, and saw 12 of its levels.

You collected 919 gold pieces.
You spent 512 gold pieces at shops.

Inventory:

Hand Weapons
 j - a +2 dagger of draining
 s - a +3 flail of crushing (weapon)
 D - a +1 short sword of freezing
 E - a +0 vampiric dagger
 F - a +0 morningstar
 I - a +0 longbow
 O - a +0 hunting sling of flaming
Missiles
 b - 298 stones
 i - 82 bolts
 x - 126 arrows
 G - 4 javelins (quivered)
 H - 84 sling bullets
Armour
 a - a +0 robe
 r - a +0 buckler
 t - a +1 pair of boots (worn)
 A - a +2 pair of gloves (worn)
 B - a +1 cloak (worn)
 C - a +1 robe of cold resistance (worn)
 M - a +0 hat of intelligence (worn)
Jewellery
 p - an uncursed ring of see invisible
 u - a ring of wizardry (right hand)
 y - an uncursed ring of protection from fire
 L - a ring of magical power (left hand)
Wands
 v - a wand of digging (6)
 J - a wand of flame (6)
 K - a wand of random effects (15)
 N - a wand of acid (18)
Scrolls
 e - a scroll of amnesia
 f - a scroll of fog
 g - 7 scrolls of identify
 h - 8 scrolls of remove curse
 l - a scroll of teleportation
 m - 2 scrolls of random uselessness
 n - 2 scrolls of enchant armour
 o - a scroll of enchant weapon
 w - 4 scrolls of immolation
Potions
 d - a potion of agility
 k - a potion of lignification
 q - a potion of brilliance
 z - a potion of magic {unknown}
Miscellaneous
 P - a box of beasts
Comestibles
 c - 18 rations


   Skills:
 - Level 5.0 Fighting
 - Level 4.6 Maces & Flails
 - Level 4.1 Dodging
 - Level 2.1 Stealth
 - Level 7.8 Spellcasting
 + Level 11.1 Conjurations
 + Level 10.0 Air Magic


You had 4 spell levels left.
You knew the following spells:

 Your Spells              Type           Power        Failure   Level  Hunger
a - Shock                 Conj/Air       ####         1%          1    None
b - Airstrike             Air            ######....   1%          4    ###....
c - Lightning Bolt        Conj/Air       ######....   1%          5    #####..
d - Mephitic Cloud        Conj/Pois/Air  #####...     1%          3    None
e - Freezing Cloud        Conj/Ice/Air   #####.....   22%         6    ######.
f - Conjure Flame         Conj/Fire      #####...     1%          3    None

Your spell library contained the following spells:

 Spells                   Type           Power        Failure   Level  Hunger
 Sting                    Conj/Pois      ####         1%          1    None
 Poisonous Vapours        Pois/Air       ####..       1%          2    None
 Swiftness                Chrm/Air       ####....     1%          2    None
 Static Discharge         Conj/Air       ######..     1%          3    None
 Ring of Flames           Chrm/Fire      #.........   100%        7    #######


Dungeon Overview and Level Annotations

Branches:
Dungeon (9/15)             Temple (1/1) D:7            Lair (2/6) D:8
 Shoals (0/4) Lair:2          Orc (0/2) D:9
  Snake: Lair:2-4    Spider: Lair:2-4

Altars:
Ashenzari
Cheibriados
Dithmenos
Elyvilon
Fedhas
Gozag
Hepliaklqana
Kikubaaqudgha
Makhleb
Nemelex Xobeh
Okawaru
Qazlal
Ru
Sif Muna
Trog
Uskayaw
Vehumet
Wu Jian
Xom
Yredelemnul
Zin
The Shining One

Shops:
D:4 [   D:5 [   D:7 =   D:9 =

Annotations:
Lair:1 Urug


Innate Abilities, Weirdness & Mutations

You are resistant to torment.
Your stone body is resilient. (AC +8)
You are immune to poison.
You resist negative energy. (rN+)
You are resistant to electric shocks. (rElec)
You can survive without breathing.
You are immune to petrification.
You are immune to rotting.


Message History

Casting: Shock (safe; 1% risk of failure)
Confirm with . or Enter, or press ? or * to list all spells.
Aiming: Shock (safe; 1% risk of failure)
Press: ? - help, Shift-Dir - straight line, f/p - snapping turtle
Aim: a snapping turtle (heavily wounded)
The zap hits the snapping turtle but does no damage.
The snapping turtle is heavily wounded.
The snapping turtle bites you from afar.
Casting: Shock (safe; 1% risk of failure)
Confirm with . or Enter, or press ? or * to list all spells.
Aiming: Shock (safe; 1% risk of failure)
Press: ? - help, Shift-Dir - straight line, f/p - snapping turtle
Aim: a snapping turtle (heavily wounded)
The zap hits the snapping turtle but does no damage.
The snapping turtle is heavily wounded.
The snapping turtle bites you from afar!
* * * LOW HITPOINT WARNING * * *
The snapping turtle closely misses you.
The snapping turtle bites you from afar!
You die...

### # ######.#### #########
######...#.###.#####P.#.##.#
...^......................##
................@.........P#
...#P.#.............#..#..##
..#####........≈≈≈t≈≈≈#...##
..######......≈≈≈≈.≈≈≈≈#...#
..P#.##P.....≈≈≈##○##≈≈≈..##
...#..##.....≈≈##.§§##≈≈..##
..........##≈≈≈#..§§.#≈≈...#
.P.###.#..#..≈≈#..>○.#≈≈..##
..## ###..#..≈≈#.....#≈≈..#


You could see a snapping turtle.

Vanquished Creatures
  A hydra (Lair:1)
  A two-headed ogre (D:8)
  Sonja (Lair:2)
  A cyclops (D:9)
  Joseph (Lair:1)
  A black mamba (Lair:2)
  A spiny frog (Lair:1)
  Prince Ribbit (D:6)
  2 hippogriffs
  20 yaks
  A wyvern (D:9)
  A basilisk (Lair:2)
  4 vampire mosquitoes
  Menkaure (D:5)
  An acid dragon (D:9)
  2 water moccasins
  A porcupine (Lair:1)
  3 orc warriors
  2 sky beasts
  5 ice beasts
  3 black bears
  A necrophage (D:7)
  5 ogres
  4 centaurs
  4 wolves (Lair:1)
  3 crocodiles
  7 bullfrogs
  A big kobold (D:8)
  2 gnoll sergeants
  A wyvern skeleton (D:6)
  A water moccasin skeleton (D:5)
  4 scorpions
  4 wights (D:6)
  9 killer bees
  6 electric eels
  4 crimson imps
  2 centaur zombies
  A quasit (D:5)
  A jelly (D:5)
  4 hounds
  6 orc priests
  3 bullfrog skeletons
  2 centaur skeletons
  3 iguanas
  Ijyb (D:3)
  14 orc wizards
  Natasha (D:2)
  5 worker ants
  A hound skeleton (D:4)
  A worker ant zombie (D:5)
  14 gnolls
  13 adders
  2 shadow imps (D:5)
  An ooze (D:3)
  4 worms
  A dart slug (D:4)
  9 leopard geckos
  45 orcs
  6 giant cockroaches
  5 hobgoblins
  8 jackals
  5 quokkas
  3 ball pythons
  4 bats
  13 frilled lizards
  5 goblins
  9 kobolds
  2 quokka skeletons (D:4)
  4 rats
308 creatures vanquished.

Vanquished Creatures (collateral kills)
  A spiny frog (Lair:2)
1 creature vanquished.

Vanquished Creatures (others)
  An orc (D:9)
  3 fungi (Lair:2)
  A plant (Lair:1)
5 creatures vanquished.

Grand Total: 314 creatures vanquished

Notes
Turn   | Place    | Note
-------+----------+-------------------------------------------
     0 | D:1      | night the Gargoyle Air Elementalist began the quest for the
                  | Orb.
     0 | D:1      | Reached XP level 1. HP: 10/10 MP: 3/3
   264 | D:1      | Reached XP level 2. HP: 15/15 MP: 1/5
   806 | D:1      | Reached XP level 3. HP: 19/19 MP: 0/6
  1139 | D:2      | Reached skill level 2 in Conjurations
  1281 | D:2      | Reached XP level 4. HP: 17/24 MP: 3/8
  1703 | D:2      | Learned a level 4 spell: Airstrike
  2209 | D:2      | Noticed Natasha
  2214 | D:2      | Killed Natasha
  2214 | D:2      | Reached XP level 5. HP: 28/28 MP: 4/9
  2676 | D:3      | Learned a level 5 spell: Lightning Bolt
  2889 | D:3      | Reached skill level 3 in Conjurations
  3146 | D:3      | Noticed Ijyb
  3183 | D:3      | Killed Ijyb
  3183 | D:3      | Reached XP level 6. HP: 28/32 MP: 6/10
  3262 | D:4      | Found an iron altar of Okawaru.
  3271 | D:4      | Found a hide-covered altar of Uskayaw.
  3271 | D:4      | Found a sacrificial altar of Ru.
  3747 | D:4      | Found Cahem's Armour Emporium.
  3760 | D:4      | Bought a +1 pair of boots for 126 gold pieces
  3960 | D:4      | Reached XP level 7. HP: 16/36 MP: 2/12
  3988 | D:4      | Reached skill level 4 in Conjurations
  4410 | D:4      | Reached skill level 5 in Air Magic
  4809 | D:5      | Entered Level 5 of the Dungeon
  4856 | D:5      | Found Icucvezani's Armour Boutique.
  5316 | D:5      | Reached skill level 5 in Conjurations
  5316 | D:5      | Reached XP level 8. HP: 41/41 MP: 11/14
  5873 | D:4      | Bought a +1 cloak for 126 gold pieces
  6091 | D:5      | Reached skill level 5 in Spellcasting
  6843 | D:5      | Reached skill level 6 in Conjurations
  7362 | D:5      | Noticed Menkaure
  7368 | D:5      | Killed Menkaure
  7368 | D:5      | Reached XP level 9. HP: 45/45 MP: 4/17
  7680 | D:6      | Reached skill level 7 in Conjurations
  8175 | D:6      | Noticed Prince Ribbit
  8196 | D:6      | Killed Prince Ribbit
  8239 | D:6      | Reached skill level 8 in Conjurations
  8818 | D:6      | Reached XP level 10. HP: 50/50 MP: 14/20
  8902 | D:6      | Found a white marble altar of Elyvilon.
  9999 | D:7      | Found a staircase to the Ecumenical Temple.
 10006 | Temple   | Entered the Ecumenical Temple
 10037 | Temple   | Became a worshipper of Vehumet
 10186 | D:7      | Found Lemeqy's Jewellery Boutique.
 10197 | D:7      | Bought an uncursed ring of magical power for 260 gold
                  | pieces
 10386 | D:8      | Reached skill level 1 in Fighting
 10386 | D:8      | Reached skill level 1 in Maces & Flails
 10965 | D:8      | Noticed a two-headed ogre
 10986 | D:8      | Killed a two-headed ogre
 11111 | D:8      | Found a staircase to the Lair.
 11130 | D:8      | Found a flagged portal.
 11995 | D:9      | Noticed a cyclops
 12007 | D:9      | Killed a cyclops
 12226 | D:9      | Reached XP level 11. HP: 58/61 MP: 22/22
 12380 | D:9      | Learned a level 3 spell: Mephitic Cloud
 12387 | D:9      | Learned a level 6 spell: Freezing Cloud
 12430 | D:9      | Reached * piety under Vehumet
 12430 | D:9      | Offered knowledge of Sandblast by Vehumet.
 12601 | D:9      | Learned a level 3 spell: Conjure Flame
 12695 | D:9      | Reached skill level 9 in Conjurations
 12951 | D:9      | Offered knowledge of Sting by Vehumet.
 12961 | D:9      | Reached ** piety under Vehumet
 13231 | D:9      | Found a staircase to the Orcish Mines.
 13309 | D:9      | Reached skill level 5 in Fighting
 13312 | D:9      | Found Qergh's Jewellery Emporium.
 13652 | Lair:1   | Entered Level 1 of the Lair of Beasts
 13664 | Lair:1   | Noticed Joseph
 13674 | Lair:1   | Killed Joseph
 13818 | Lair:1   | Noticed a five-headed hydra
 14332 | Lair:1   | Noticed Urug
 14393 | Lair:1   | HP: 1/63 [spiny frog (11)]
 15038 | Lair:1   | Reached skill level 10 in Conjurations
 15714 | Lair:1   | Killed a five-headed hydra
 15895 | Lair:2   | Noticed Sonja
 15910 | Lair:2   | Killed Sonja
 15910 | Lair:2   | Reached XP level 12. HP: 49/68 MP: 22/23
 16211 | Lair:2   | Reached skill level 11 in Conjurations
 16381 | Lair:2   | HP: 3/68 [spiny frog (6)]
 16381 | Lair:2   | Reached skill level 10 in Air Magic
 16907 | Lair:2   | Found a staircase to the Shoals.
 16921 | Lair:2   | Slain by a snapping turtle

Skill      XL: |  1  2  3  4  5  6  7  8  9 10 11 12 |
---------------+-------------------------------------+-----
Conjurations   | 2 3 5 6 8 10 11 | 11.1
Air Magic      | 3 4 5 6 7 8 9 10 | 10.0
Spellcasting   | 3 4 5 7 |  7.8
Fighting       | 4 5 |  5.0
Maces & Flails | 3 4 |  4.6
Dodging        | 3 4 |  4.1
Stealth        | |  2.1

Action                   |  1- 3 |  4- 6 |  7- 9 | 10-12 || total
-------------------------+-------+-------+-------+-------++-------
Melee: Unarmed           |    22 |       |       |       ||    22
       Dagger            |    29 |    75 |    78 |     1 ||   183
       Short sword       |       |       |    37 |       ||    37
       Flail             |       |       |       |   238 ||   238
Throw: Javelin           |       |       |       |     4 ||     4
 Cast: Shock             |    51 |    90 |   296 |   361 ||   798
       Airstrike         |       |       |     5 |    42 ||    47
       Lightning Bolt    |       |       |     7 |     9 ||    16
       Mephitic Cloud    |       |       |       |    12 ||    12
       Conjure Flame     |       |       |       |     5 ||     5
       Freezing Cloud    |       |       |       |     1 ||     1
Evoke: Box of beasts     |       |       |       |     2 ||     2
       Wand              |       |       |       |     1 ||     1
  Use: Scroll            |       |     3 |       |    14 ||    17
       Potion            |       |       |     1 |     7 ||     8
 Stab: Sleeping          |     1 |     3 |     3 |     3 ||    10
       Confused          |       |       |       |     2 ||     2
  Eat: Chunk             |     2 |     8 |    18 |    22 ||    50
       Ration            |       |       |       |     3 ||     3
Armor: Robe              |    22 |    30 |   129 |   255 ||   436
Dodge: Dodged            |    42 |    50 |   211 |   302 ||   605
